 Dungeon Crawl Stone Soup version 0.27-a0-1177-g245c70e1c0 (webtiles) character file.

Game seed: 6600942154074770983

31063 Glokmah the Slicer (level 13, -2/100 HPs)
             Began as a Demonspawn Warper on May 16, 2021.
             Was a Priest of Wu Jian.
             Slain by a death yak (17 damage)
             ... on level 5 of the Lair of Beasts.
             The game lasted 00:37:43 (17918 turns).

Glokmah the Slicer (Demonspawn Warper)             Turns: 17918, Time: 00:37:44

Health: -2/100     AC: 20    Str: 15    XL:     13   Next: 23%
Magic:  27/27      EV: 16    Int: 13    God:    Wu Jian [***...]
Gold:   624        SH:  5    Dex: 20    Spells: 11/32 levels left

rFire    x . .     SeeInvis .   b - +10 short sword of Sequestration {freeze, rElec rPois rC- rN+ Int-2}
rCold    x . .     Faith    .   (no shield)
rNeg     + . .     Spirit   .   s - +1 ring mail of Acuifuf {rPois rF- Will++ rCorr}
rPois    +         Reflect  +   j - +2 helmet
rElec    +         Harm     .   n - +2 cloak
rCorr    +         Rampage  .   (no gloves)
Will     ++...                  m - +2 pair of boots {Fly}
Stlth    ++........             R - amulet of reflection
HPRegen  0.26/turn              g - +4 ring of slaying
MPRegen  0.20/turn              D - +6 ring of dexterity

@: in a heavenly storm, flying, glowing, studying Spellcasting
A: claws 2, slimy green scales 3, foul stench 1, spiny 2
a: Renounce Religion, Wall Jump, Serpent's Lash


You were on level 5 of the Lair of Beasts.
You worshipped Wu Jian.
Wu Jian was most pleased with you.
You visited 2 branches of the dungeon, and saw 14 of its levels.
You also visited: Ossuary.

You collected 949 gold pieces.
You spent 325 gold pieces at shops.

Inventory:

Hand Weapons
 a - a +4 dagger of electrocution
 b - the +10 short sword of Sequestration (weapon) {freeze, rElec rPois rC- rN+ Int-2}
   (You took it off an orc on level 5 of the Dungeon)

   It has been specially enchanted to freeze those struck by it, causing extra
   injury to most foes and up to half again as much damage against particularly
   susceptible opponents.
   It can also slow down cold-blooded creatures.
   It affects your intelligence (-2).
   It makes you vulnerable to cold.
   It insulates you from electricity.
   It protects you from poison.
   It protects you from negative energy.
 O - a +3 short sword
Missiles
 e - 5 boomerangs of dispersal
 f - 94 bolts
 i - 13 boomerangs (quivered)
 z - 51 poisoned darts
 E - 2 throwing nets
 T - 8 javelins
Armour
 j - a +2 helmet (worn)
 m - a +2 pair of boots of flying (worn)
 n - a +2 cloak (worn)
 s - the +1 ring mail of Acuifuf (worn) {rPois rF- Will++ rCorr}
   (You found it on level 3 of the Lair of Beasts)

   It makes you vulnerable to fire.
   It protects you from poison.
   It protects you from acid and corrosion.
   It greatly increases your willpower.
 y - a +0 tower shield
Jewellery
 g - a +4 ring of slaying (left claw)
 t - a ring of willpower
 w - an amulet of the acrobat
 D - a +6 ring of dexterity (right claw)
 H - a ring of resist corrosion
 R - an amulet of reflection (around neck)
 Z - a ring of wizardry
Wands
 I - a wand of paralysis (12)
 L - a wand of polymorph (9)
 N - a wand of acid (9)
 X - a wand of iceblast (13)
Scrolls
 d - a scroll of blinking
 h - 9 scrolls of teleportation
 k - 5 scrolls of magic mapping
 v - a scroll of immolation
 S - 2 scrolls of fear
Potions
 c - 7 potions of attraction
 l - a potion of berserk rage
 p - a potion of ambrosia
 r - 10 potions of curing
 u - 2 potions of mutation
 x - 3 potions of lignification
 A - 2 potions of flight
 B - a potion of magic {unknown}
 C - 2 potions of might {unknown}
 F - a potion of invisibility {unknown}
 G - a potion of brilliance {unknown}
 Q - a potion of cancellation {unknown}
 V - a potion of heal wounds {unknown}
Miscellaneous
 o - a piece from Xom's chessboard (15/15)
 M - a tin of tremorstones (2/2)


   Skills:
 + Level 8.9 Fighting
 * Level 10.2 Short Blades
 - Level 4.9 Axes
 - Level 0.8 Throwing
 - Level 4.1 Armour
 - Level 1.7 Dodging
 - Level 8.0 Stealth
 + Level 10.2 Spellcasting
 * Level 8.7 Hexes
 + Level 8.0 Translocations
 + Level 1.3 Ice Magic


You had 11 spell levels left.
You knew the following spells:

 Your Spells              Type           Power      Damage    Failure   Level
a - Blink                 Tloc           N/A        N/A       1%          2
b - Manifold Assault      Tloc           27%        N/A       21%         5
c - Ensorcelled Hibernat  Hex/Ice        38%        N/A       3%          2
d - Lesser Beckoning      Tloc           13%        N/A       2%          3
e - Teleport Other        Tloc           27%        N/A       2%          3
f - Tukima's Dance        Hex            29%        N/A       1%          3
g - Confusing Touch       Hex            29%        N/A       1%          3

Your spell library contained the following spells:

 Spells                   Type           Power      Damage    Failure   Level
 Corona                   Hex            32%        N/A       1%          1
 Gell's Gravitas          Tloc           13%        N/A       2%          3
 Dazzling Flash           Conj/Hex       34%        N/A       10%         3
 Animate Skeleton         Necr           12%        N/A       21%         1
 Magic Dart               Conj           24%        1d4       21%         1
 Pain                     Necr           24%        1d5       21%         1
 Passwall                 Tmut/Erth      5%         N/A       30%         2
 Searing Ray              Conj           12%        3d3       30%         2
 Fulminant Prism          Conj/Hex       8%         3d7       32%         4
 Iskenderun's Mystic Bla  Conj/Tloc      17%        2d5       36%         4
 Vampiric Draining        Necr           3%         2d6       52%         3
 Metabolic Englaciation   Hex/Ice        9%         N/A       56%         5
 Yara's Violent Unravell  Hex/Tmut       8%         3d5       67%         5
 Animate Dead             Necr           3%         N/A       90%         4
 Petrify                  Tmut/Erth      6%         N/A       90%         4
 Agony                    Necr           6%         N/A       99%         5
 Bolt of Magma            Conj/Fire/Erth 3%         4d5       99%         5
 Iskenderun's Battlesphe  Conj           6%         2d6       99%         5
 Lee's Rapid Deconstruct  Erth           3%         3d6*      99%         5
 Iron Shot                Conj/Erth      3%         9d2       100%        6
 Orb of Destruction       Conj           3%         9d1       100%        7
 Spellforged Servitor     Conj/Summ      3%         N/A       100%        7


Dungeon Overview and Level Annotations

Branches:
Dungeon (9/15)             Temple (0/1) D:5            Lair (5/6) D:9
  Swamp (0/4) Lair:4       Spider (0/4) Lair:3      Ossuary (visited)
  Slime: Lair:5-6       Orc: D:9-12

Altars:
Ashenzari
Elyvilon
Ru
Uskayaw
Wu Jian
Yredelemnul

Shops:
D:9 ::!*

Annotations:
Lair:5 2 transporters, exclusion: ice statue, Haestrico's ghost, journeyman VSSu


Innate Abilities, Weirdness & Mutations

You have very sharp fingernails.
You are completely covered in slimy green scales. (AC +4, rPois)
You may rarely emit foul miasma when damaged in melee.
You are mostly covered in sharp spines.


Message History

You kill the water moccasin!
The Council accepts your kill.
The elephant tramples you but does no damage.
The elephant closely misses you.
You spin and attack the death yak repeatedly.
You hit the death yak. You freeze the death yak.
The death yak is lightly wounded.
You hit the death yak. You freeze the death yak.
The death yak is lightly wounded.
The cane toad is no longer moving slowly.
The elephant tramples you!
You are shoved backwards!
Found a shortbow.
An electric eel comes into view.
You spin and attack the elephant repeatedly.
You puncture the elephant! You freeze the elephant.
The elephant is moderately wounded.
You puncture the elephant! You freeze the elephant.
The elephant is heavily wounded.
The wyvern bites you! The elephant closely misses you.
The elephant trunk-slaps you but does no damage.
You fail to use your ability.
The wyvern bites you but does no damage.
The elephant tramples you but does no damage.
The elephant completely misses you.
The air is filled with shimmering golden clouds!
Sifu Jiang Wei says: The storm will not cease as long as you keep fighting, disciple!
You can no longer summon a storm of heavenly clouds.
You hear an angry hiss.
The death yak gores you! x2
* * * LOW HITPOINT WARNING * * *
You block the elephant's attack. x2
You spin and attack the death yak repeatedly.
You puncture the death yak! You freeze the death yak.
The death yak is heavily wounded.
You hit the death yak. You freeze the death yak.
The death yak is severely wounded.
The death yak looks more healthy.
You block the elephant's attack. The elephant barely misses you.
The death yak is struck by your spines. The death yak gores you!
You die...

.#.##.### ... ...≈≈≈P≈.##
.##≈...≈ .... ..≈≈≈≈≈..# #8≈....
..#.. ..≈≈≈≈≈.#. .Y#.###
..#..)#.;≈≈≈≈..# .##.#
...#..#........# l..
......§§☼§§....# .
...#..☼#☼☼§§....# #.).
≈......☼§Y@Y§....# .#F$.
≈≈......§YYYY☼..... ..#.###
≈≈..(...§§§Y§§>.....##8...≈.
#......FY§§☼........##...l.
#.P....Fl.>..........##.###
#####.#...............P...##.FS
###......#............#....#.####
........##....##.........P..#..©.
........##....#P......#.PP.......


You could see 4 death yaks and 3 elephants.

Vanquished Creatures
  A boulder beetle (Lair:5)
  10 hydras
  A two-headed ogre (D:9)
  The ghost of Pagrax the Cleaver, a novice MiBe of Trog (D:5)
  8 cane toads
  4 black mambas
  4 elephants
  4 rime drakes
  7 komodo dragons
  Maggie (D:6)
  A troll (D:9)
  2 polar bears
  A blink frog (Lair:2)
  2 dream sheep
  26 yaks
  2 wyverns (Lair:4)
  Grum (D:8)
  4 basilisks
  5 swamp worms (Lair:4)
  18 water moccasins
  An orc warrior (D:7)
  2 ice beasts
  4 black bears
  4 ogres
  3 wolves (D:8)
  4 centaurs
  A phantom (D:7)
  Blork the orc (D:6)
  2 elf zombies (Ossuary)
  21 bullfrogs
  2 gnoll sergeants
  A scorpion (D:4)
  5 killer bees (D:9)
  17 wights
  5 howler monkeys
  3 quasits (D:5)
  4 centaur zombies
  2 human zombies (Ossuary)
  2 jellies (D:6)
  A bullfrog zombie (D:7)
  3 orc priests
  2 gnoll shamans
  Crazy Yiuf (D:2)
  A bullfrog skeleton (D:4)
  2 centaur skeletons
  5 hounds
  A hell rat (Lair:2)
  4 iguanas
  11 orc wizards
  Natasha (thrice) (D:2)
  2 mummies (Ossuary)
  Robin (D:2)
  16 gnolls
  A howler monkey skeleton (D:7)
  5 adders
  A white imp (D:7)
  An ufetubus (D:7)
  An adder skeleton (D:4)
  2 worms
  2 dart slugs
  36 orcs
  8 ball pythons
  8 endoplasms
  3 giant cockroaches
  17 goblins
  13 hobgoblins
  10 jackals
  5 quokkas
  9 bats
  5 frilled lizards
  A goblin zombie (Ossuary)
  10 hobgoblin zombies (Ossuary)
  A jackal zombie (Ossuary)
  3 kobolds
  10 kobold zombies (Ossuary)
  6 orc zombies (Ossuary)
  6 rats
  A rat zombie (Ossuary)
  A butterfly (Lair:3)
406 creatures vanquished.

Vanquished Creatures (others)
  2 fungi
  3 plants
5 creatures vanquished.

Grand Total: 411 creatures vanquished

Notes
Turn   | Place    | Note
-------+----------+-------------------------------------------
     0 | D:1      | Glokmah the Demonspawn Warper began the quest for the Orb.
     0 | D:1      | Reached XP level 1. HP: 16/16 MP: 3/3
   176 | D:1      | Reached skill level 1 in Armour
   192 | D:1      | Gained mutation: You are partially covered in sharp spines.
                  | [demonic ancestry]
   192 | D:1      | Reached XP level 2. HP: 21/22 MP: 5/5
   658 | D:1      | Gained mutation: You are partially covered in slimy green
                  | scales. (AC +2) [demonic ancestry]
   658 | D:1      | Reached XP level 3. HP: 20/27 MP: 6/6
   954 | D:2      | Noticed Robin
   977 | D:2      | Reached XP level 4. HP: 14/34 MP: 7/7
  1191 | D:2      | Killed Robin
  1230 | D:2      | Learned a level 2 spell: Blink
  1307 | D:2      | Noticed Natasha
  1312 | D:2      | Killed Natasha
  1536 | D:2      | Noticed Natasha
  1545 | D:2      | Killed Natasha
  1546 | D:2      | Gained mutation: You are mostly covered in slimy green
                  | scales. (AC +3) [demonic ancestry]
  1546 | D:2      | Reached XP level 5. HP: 25/39 MP: 8/8
  1669 | D:2      | Found a runed translucent door.
  1670 | D:2      | Noticed Crazy Yiuf
  1677 | D:2      | Killed Crazy Yiuf
  2086 | D:2      | Noticed Natasha
  2095 | D:2      | Killed Natasha
  2585 | D:3      | Gained mutation: You are completely covered in slimy green
                  | scales. (AC +4, rPois) [demonic ancestry]
  2585 | D:3      | Reached XP level 6. HP: 42/46 MP: 10/10
  3197 | D:3      | Found a broken altar of Ashenzari.
  3198 | D:3      | Found a basalt altar of Yredelemnul.
  3310 | D:3      | Found Vynusyj's Distillery.
  3722 | D:4      | Gained mutation: You have sharp fingernails. [demonic
                  | ancestry]
  3722 | D:4      | Reached XP level 7. HP: 44/52 MP: 11/11
  3722 | D:4      | Found a sand-covered staircase.
  3732 | Ossuary  | Entered an ossuary
  4253 | D:4      | Reached skill level 5 in Translocations
  4412 | D:4      | Found an ornate altar of the Wu Jian Council.
  4417 | D:4      | Noticed a spectral centipede
  4417 | D:4      | Noticed a spectral black mamba
  4417 | D:4      | Noticed a spectral cane toad
  4787 | D:4      | Became a worshipper of the Wu Jian Council
  5058 | D:5      | Entered Level 5 of the Dungeon
  5058 | D:5      | Found a transporter.
  5073 | D:5      | Identified a scroll of acquirement
  5073 | D:5      | Acquired a +0 pair of boots of flying
  5234 | D:5      | Reached XP level 8. HP: 35/60 MP: 13/13
  5329 | D:5      | Noticed Pagrax's ghost (novice MiBe)
  5364 | D:5      | Found a transporter.
  5380 | D:5      | Identified the +10 short sword of Sequestration {freeze,
                  | rElec rPois rC- rN+ Int-2}
  5441 | D:5      | Reached skill level 1 in Short Blades
  5694 | D:5      | Found a sacrificial altar of Ru.
  5833 | D:5      | Found a staircase to the Ecumenical Temple.
  5872 | D:5      | Reached * piety under Wu Jian
  6090 | D:5      | Killed Pagrax's ghost
  6091 | D:5      | Reached XP level 9. HP: 57/66 MP: 15/15
  6117 | D:5      | Learned a level 3 spell: Confusing Touch
  6256 | D:6      | Reached skill level 5 in Fighting
  6256 | D:6      | Reached skill level 1 in Hexes
  6493 | D:6      | Noticed Maggie
  6493 | D:6      | Noticed Blork the orc
  6503 | D:6      | Killed Blork the orc
  6508 | D:6      | Killed Maggie
  6710 | D:6      | Reached ** piety under Wu Jian
  6713 | D:6      | Reached skill level 5 in Spellcasting
  7385 | D:7      | Reached skill level 1 in Stealth
  7627 | D:7      | Reached skill level 5 in Short Blades
  7776 | D:7      | Gained mutation: You have very sharp fingernails. [demonic
                  | ancestry]
  7776 | D:7      | Reached XP level 10. HP: 76/76 MP: 16/18
  7805 | D:7      | Found a hide-covered altar of Uskayaw.
  8641 | D:8      | Reached *** piety under Wu Jian
  8735 | D:8      | Noticed Grum
  8752 | D:8      | Killed Grum
  9308 | D:9      | Noticed a two-headed ogre
  9321 | D:9      | Killed a two-headed ogre
  9580 | D:9      | Found a staircase to the Lair.
  9632 | D:9      | Found Dyfei's Book Boutique.
  9873 | D:9      | Bought a book of Maledictions for 325 gold pieces
  9876 | D:9      | Learned a level 2 spell: Ensorcelled Hibernation
  9880 | D:9      | Learned a level 3 spell: Lesser Beckoning
  9884 | D:9      | Learned a level 3 spell: Teleport Other
  9888 | D:9      | Learned a level 3 spell: Tukima's Dance
  9894 | D:9      | Learned a level 5 spell: Manifold Assault
  9960 | D:9      | Reached skill level 5 in Stealth
  9988 | D:9      | Found Ras Wama's Distillery.
 10055 | D:9      | Found Bebro's General Store.
 10402 | D:9      | Found Fyewil's Book Emporium.
 10510 | Lair:1   | Entered Level 1 of the Lair of Beasts
 10881 | Lair:1   | Noticed an eight-headed hydra
 10885 | Lair:1   | Killed an eight-headed hydra
 10886 | Lair:1   | Gained mutation: You may rarely emit foul miasma when
                  | damaged in melee. [demonic ancestry]
 10886 | Lair:1   | Reached XP level 11. HP: 83/83 MP: 21/21
 11677 | Lair:2   | Noticed a four-headed hydra
 11683 | Lair:2   | Killed a four-headed hydra
 11924 | Lair:1   | Reached skill level 5 in Hexes
 13090 | Lair:2   | Noticed a four-headed hydra
 13105 | Lair:2   | Killed a four-headed hydra
 13394 | Lair:2   | Reached XP level 12. HP: 68/92 MP: 24/24
 13575 | Lair:2   | Reached **** piety under Wu Jian
 14207 | Lair:2   | Identified Sif Muna's Grimoire of Conjuration and the Rocks
 14394 | Lair:3   | Noticed a four-headed hydra
 14400 | Lair:3   | Killed a four-headed hydra
 14513 | Lair:3   | Identified the +1 ring mail of Acuifuf {rPois rF- Will++
                  | rCorr}
 14533 | Lair:3   | Found a hole to the Spider Nest.
 14628 | Lair:3   | Noticed a four-headed hydra
 14636 | Lair:3   | Killed a four-headed hydra
 15373 | Lair:3   | Noticed a seven-headed hydra
 15384 | Lair:3   | Killed a seven-headed hydra
 15860 | Lair:4   | Noticed a four-headed hydra
 15869 | Lair:4   | Killed a four-headed hydra
 16198 | Lair:4   | Noticed a seven-headed hydra
 16204 | Lair:4   | Found a staircase to the Swamp.
 16212 | Lair:4   | Killed a seven-headed hydra
 16672 | Lair:4   | Reached skill level 10 in Short Blades
 16672 | Lair:4   | Reached skill level 10 in Spellcasting
 16672 | Lair:4   | Gained mutation: You are mostly covered in sharp spines.
                  | [demonic ancestry]
 16672 | Lair:4   | Reached XP level 13. HP: 98/99 MP: 25/27
 17494 | Lair:5   | Reached skill level 1 in Ice Magic
 17505 | Lair:5   | Noticed Haestrico's ghost (journeyman VSSu)
 17787 | Lair:5   | Found a transporter.
 17789 | Lair:5   | Found a transporter.
 17808 | Lair:5   | Reached ***** piety under Wu Jian
 17918 | Lair:5   | Slain by a death yak

Illustrated notes

Levels and vault maps discovered:
D:1:      lemuel_arrival_rhombus, layout_loops_ring
D:2:      layout_basic, uniq_crazy_yiuf_cottage, uniq_robin, uniq_natasha
D:3:      layout_basic, grunt_temple_overflow_open, serial_shops,
          nicolae_shop_window_shopping
D:4:      layout_loops_corners, pdpol_wu_jian_five_deadly_venoms,
          enter_ossuary_1
D:5:      layout_cave_pools, nicolae_ru_path_of_blood,
          minmay_temple_entry_sparse_star, gammafunk_ghost_stat_death
D:6:      layout_loops_corners, uniq_maggie, uniq_blork_the_orc
D:7:      layout_basic, kennysheep_mini, nrook_mini_vaults, minmay_misc_feat_iff
D:8:      layout_cave_pools, item_on_display_a, uniq_grum
D:9:      layout_big_octagon, elyvilon_altar_4, dpeg_oklobed_lair, serial_shops,
          nicolae_shop_crystal, nicolae_shop_crystal, shop,
          nicolae_shop_waterfront, kennysheep_flooded_box, serial_bayou_pond_e,
          lemuel_old_faithful
Lair:1:   layout_layer_cave
Lair:2:   nzn_winding_woodlands_stair_cross [nzn_winding_woodlands_5x15_zeroes,
          nzn_winding_woodlands_center_diamonds,
          nzn_winding_woodlands_5x15_pockets, nzn_winding_woodlands_5x5_cross,
          nzn_winding_woodlands_5x5_checkerboard,
          nzn_winding_woodlands_5x15_jagged,
          nzn_winding_woodlands_center_pierced_h,
          nzn_winding_woodlands_5x15_twine], layout_loops_ring,
          eino_small_chamber_without_monster, st_stairs_11, minivault_19
Lair:3:   layout_misc_corridors, spider_nest_entry_web_field,
          lemuel_fruit_fields
Lair:4:   layout_cellular_growth, palyth_hydra_swamp_entry
Lair:5:   layout_gridlike, dpeg_slime_entry_enclosed_altar, nzn_ghost_randoct,
          serial_bayou_shore_a

Skill      XL: |  1  2  3  4  5  6  7  8  9 10 11 12 13 |
---------------+----------------------------------------+-----
Axes           | 2 3 4 |  4.9
Armour         | 1 2 3 4 |  4.1
Translocations | 3 4 5 6 7 8 |  8.0
Fighting       | 3 4 5 6 7 8 |  8.9
Spellcasting   | 3 4 5 6 8 10 | 10.2
Short Blades   | 3 5 6 8 10 | 10.2
Hexes          | 2 4 5 8 |  8.7
Stealth        | 2 5 7 8 |  8.0
Ice Magic      | 1 |  1.3
Throwing       | |  0.8
Dodging        | |  1.7

Action                   |  1- 3 |  4- 6 |  7- 9 | 10-12 | 13-15 || total
-------------------------+-------+-------+-------+-------+-------++-------
Melee: Hand axe          |    61 |   111 |   119 |       |       ||   291
       Dagger            |       |       |    26 |       |       ||    26
       Short sword       |       |       |   165 |   536 |    86 ||   787
Throw: Boomerang         |       |     2 |       |     1 |       ||     3
 Cast: Blink             |       |     1 |       |     4 |       ||     5
       Manifold Assault  |       |       |       |    13 |       ||    13
       Ensorcelled Hiber |       |       |       |     1 |       ||     1
       Lesser Beckoning  |       |       |       |       |     1 ||     1
Invok: Lunge             |       |       |    26 |    49 |    10 ||    85
       Whirlwind         |       |       |    22 |   157 |    30 ||   209
       Serpent's Lash    |       |       |       |     3 |       ||     3
       Heavenly Storm    |       |       |       |       |     1 ||     1
  Use: Scroll            |     1 |     1 |    14 |    13 |       ||    29
 Stab: Sleeping          |       |       |     3 |    17 |     8 ||    28
       Distracted        |       |       |       |     1 |       ||     1
Armor: Leather armour    |    24 |    46 |   109 |       |       ||   179
       Steam dragon scal |       |       |    20 |    93 |       ||   113
       Ring mail         |       |       |       |    68 |    27 ||    95
Dodge: Dodged            |    33 |    64 |   170 |   207 |    25 ||   499
Block: Other             |       |       |       |    45 |    11 ||    56
       Reflection        |       |       |       |     4 |       ||     4

Table legend: (Time is in decaauts)
 A = Elapsed time spent in this place.
 B = Non-inter-level travel time spent in this place.
 C = Inter-level travel time spent in this place.
 D = Time resting spent in this place.
 E = Time spent auto-exploring this place.
 F = Levels seen in this place.
 G = Mean time per level.
                   A        B        C        D        E       F      G
               +--------+--------+--------+--------+--------+-----+--------+
         Total |  17872 |  17092 |    780 |   3148 |  10707 |  15 | 1191.5 |
       Dungeon |  10111 |   9610 |    501 |   1309 |   6249 |   9 | 1123.4 |
          Lair |   7341 |   7062 |    279 |   1699 |   4393 |   5 | 1468.2 |
       Ossuary |    418 |    418 |      0 |    140 |     65 |   1 |  418.0 |
               +--------+--------+--------+--------+--------+-----+--------+

Top non-repeatable levels by time:
  Lair:2: 2360 daAuts
     D:2: 1572 daAuts
  Lair:3: 1558 daAuts
  Lair:1: 1490 daAuts
  Lair:4: 1480 daAuts
     D:4: 1241 daAuts
     D:7: 1235 daAuts
     D:6: 1129 daAuts
     D:1: 1074 daAuts
     D:9: 1011 daAuts
     D:5: 970 daAuts
     D:8: 952 daAuts
     D:3: 924 daAuts
  Lair:5: 452 daAuts
 Ossuary: 418 daAuts
